 Dungeon Crawl Stone Soup version 0.28.0 (webtiles) character file.

Game seed: 9754692755035786629

44 PoweredByGinger the Chopper (level 3, 0/27 HPs)
             Began as a Demonspawn Gladiator on Feb 10, 2022.
             Succumbed to an adder's poison
             ... on level 2 of the Dungeon.
             The game lasted 00:01:26 (1469 turns).

PoweredByGinger the Chopper (Demonspawn Gladiator)  Turns: 1469, Time: 00:01:27

Health: 0/27       AC:  4    Str: 16    XL:     3   Next: 39%
Magic:  3/3        EV: 12    Int:  9    God:
Gold:   21         SH:  0    Dex: 14    Spells: 2/2 levels left

rFire   . . .      SeeInvis .   a - +0 war axe
rCold   . . .      Faith    .   (no shield)
rNeg    . . .      Spirit   .   b - +0 leather armour
rPois   .          Reflect  .   c - +0 helmet
rElec   .          Harm     .   (no cloak)
rCorr   .          Rampage  .   (no gloves)
Will    .....                   (no boots)
Stlth   +.........              (no amulet)
HPRegen 0.09/turn               (no ring)
MPRegen 0.08/turn               (no ring)

@: lethally poisoned (0 -> -3), hasted, very quick
A: claws 1
a: no special abilities


You were on level 2 of the Dungeon.
You visited 1 branch of the dungeon, and saw 2 of its levels.

You collected 21 gold pieces.

Inventory:

Hand Weapons
 a - a +0 war axe (weapon)
Missiles
 d - 3 throwing nets (quivered)
 e - 14 bolts
Armour
 b - a +0 leather armour (worn)
 c - a +0 helmet (worn)
 h - a +1 pair of boots


   Skills:
 - Level 2.0 Fighting
 * Level 4.1 Axes
 - Level 1.7 Throwing
 - Level 2.6 Dodging


You had 2 spell levels left.
You didn't know any spells.
Your spell library contained the following spells:

 Spells                   Type           Power      Damage    Failure   Level
 Static Discharge         Conj/Air       0%         N/A       58%         2
 Call Canine Familiar     Summ           0%         N/A       83%         3
 Portal Projectile        Hex/Tloc       0%         N/A       83%         3
 Leda's Liquefaction      Hex/Erth       0%         N/A       99%         4
 Lightning Bolt           Conj/Air       0%         1d11      100%        5
 Maxwell's Capacitive Co  Air            0%         ∞         100%        8


Dungeon Overview and Level Annotations

Branches:
Dungeon (2/15)

Altars:

Shops:
D:1 !((:=


Innate Abilities, Weirdness & Mutations

You have sharp fingernails.


Message History

The adder bites you but does no damage.
You miss the adder.
The adder is heavily wounded.
The adder bites you but does no damage.
You closely miss the adder.
The adder is heavily wounded.
The adder barely misses you.
You miss the adder.
The adder is heavily wounded.
The adder closely misses you.
You miss the adder.
The adder is heavily wounded.
The adder closely misses you.
You closely miss the adder.
The adder is heavily wounded.
The adder bites you.
You are poisoned.
The adder poisons you!
You hit the adder.
The adder is almost dead.
You feel sick. The adder bites you.
* * * LOW HITPOINT WARNING * * *
You are lethally poisoned!
The adder poisons you!
You hit the adder.
You kill the adder!
* * * LOW HITPOINT WARNING * * *
You feel sick.
Your Axes skill increases to level 4!
* * * LOW HITPOINT WARNING * * *
You feel sick.
Things that are here:
a +0 dagger; a goblin corpse
* * * LOW HITPOINT WARNING * * *
You feel sick.
* * * LOW HITPOINT WARNING * * *
You feel sick.
* * * LOW HITPOINT WARNING * * *
You feel sick.
You die...

. ..# ≈..
.. ≈B#. #..
≈...# ##..
#....##..#
..#......
........#.#
..#....@#.#
......?.#.#
#.#..##.#.#
.... #.#.#
#>##. #.#.#
...#.##)#.#
#...:....#
#........##
#####
#≈PP.##..#
#≈P.P#


You could see a giant cockroach (wandering).

Vanquished Creatures
  2 adders (D:2)
  A dart slug (D:1)
  2 bats (D:1)
  4 endoplasms
  2 giant cockroaches (D:1)
  2 goblins
  2 hobgoblins (D:1)
  5 kobolds
  A frilled lizard (D:1)
  A rat (D:1)
22 creatures vanquished.

Vanquished Creatures (others)
  4 plants (D:2)
4 creatures vanquished.

Grand Total: 26 creatures vanquished

Notes
Turn   | Place    | Note
-------+----------+-------------------------------------------
     0 | D:1      | PoweredByGinger the Demonspawn Gladiator began the quest
                  | for the Orb.
     0 | D:1      | Reached XP level 1. HP: 16/16 MP: 1/1
    67 | D:1      | Found a faded altar of an unknown god.
    95 | D:1      | Found Esuaserif's Distillery.
   176 | D:1      | Found Ezon's Weapon Boutique.
   292 | D:1      | Found Viqeph's Book Emporium.
   344 | D:1      | Reached skill level 3 in Axes
   587 | D:1      | Found Refabesa's Weapon Shoppe.
   724 | D:1      | Discovered your monstrous ancestry.
   724 | D:1      | Gained mutation: You have sharp fingernails. [demonic
                  | ancestry]
   724 | D:1      | Reached XP level 2. HP: 20/22 MP: 2/2
  1310 | D:1      | Found Xuvo's Jewellery Shoppe.
  1430 | D:2      | Reached XP level 3. HP: 22/27 MP: 3/3
  1464 | D:2      | Reached skill level 4 in Axes
  1467 | D:2      | HP: 1/27 [poisoned by an adder]
  1469 | D:2      | Succumbed to an adder's poison

Illustrated notes

Levels and vault maps discovered:
D:1:      matt_arrival_refuge, layout_basic, shapermc_ecumenical_altar_venn,
          serial_shops, shop, nicolae_shop_advertising_works
          [nicolae_subvault_shop_adworks], nicolae_shop_waterfront,
          nicolae_diamond_shop, nicolae_shop_waterfront, hangedman_decor_lopped,
          glass_columns_a
D:2:      layout_loops_ring, serial_bayou, serial_bayou_lake_a,
          serial_bayou_lagoon_a, serial_bayou_pond_a, serial_bayou_shore_b,
          palyth_stone_intersect

Skill      XL: |  1  2  3 |
---------------+----------+-----
Axes           | 3 4 |  4.1
Fighting       | |  2.0
Throwing       | |  1.7
Dodging        | |  2.6

Action                   || total
-------------------------++-------
Melee: War axe           ||    72
  Use: Potion            ||     2
 Stab: Sleeping          ||     1
Armor: Leather armour    ||    21
Dodge: Dodged            ||    45
